 Dungeon Crawl Stone Soup version 0.31-a0-271-gb88eb75e06 (webtiles) character file.

Game seed: 13566897032809127694

30 holysushi the Changeling (level 3, 27/27 HPs)
             Began as a Merfolk Shapeshifter on July 14, 2023.
             Quit the game on level 1 of the Dungeon.
             The game lasted 00:01:34 (602 turns).

holysushi the Changeling (Merfolk Shapeshifter)      Turns: 602, Time: 00:01:34

Health: 27/27      AC:  2    Str: 15    XL:     3   Next: 20%
Magic:  3/3        EV: 13    Int:  7    God:
Gold:   43         SH:  0    Dex: 16    Spells: 2/2 levels left

rFire   . .          .
                       - Unarmed
rCold   . . .        (no shield)
rNeg    . . .        a - +0 animal skin
rPois   .            (helmet currently unavailable)
rElec   .            (cloak currently unavailable)
rCorr   .            (gloves currently unavailable)
SInv    .            (boots currently unavailable)
Will    .....        (no amulet)
Stlth   +            (no ring)
HPRegen 0.24/turn    (no ring)
MPRegen 0.08/turn

%: no passive effects
@: beast-form
A: beast (slay +2), (nimble swimmer 2), mertail
a: Begin Untransformation


You were on level 1 of the Dungeon.
You were a hulking beast.
You visited 1 branch of the dungeon, and saw 1 of its levels.

You collected 43 gold pieces.

Inventory:

Armour
 a - a +0 animal skin (worn)
Talismans
 c - a beast talisman
Scrolls
 d - a scroll of noise {unknown}
 e - a scroll of enchant armour {unknown}
 f - a scroll of immolation {unknown}
 g - a scroll of identify {unknown}


   Skills:
 - Level 2.1 Fighting
 - Level 2.6 Dodging
 + Level 3.9 Unarmed Combat
 - Level 4.0 Shapeshifting


You had 2 spell levels left.
You didn't know any spells.
Your spell library contained the following spells:

 Spells                   Type           Power      Damage    Failure   Level
 Summon Small Mammal      Summ           0%         N/A       43%         1
 Call Canine Familiar     Summ           0%         N/A       80%         3
 Summon Guardian Golem    Hex/Summ       0%         N/A       80%         3


Dungeon Overview and Level Annotations

Branches:
Dungeon (1/15) Zot: 5399

Altars:


Innate Abilities, Weirdness & Mutations

You are a hulking beast.
Your limbs bulge with bestial killing power. (Slay +2)
((You are very nimble when in or above water. (Stealth+, EV+, Speed+++)))
Your lower body shifts to a powerful aquatic tail in water.


Message History

You kill the bat!
The ball python bites you.
* * * LOW HITPOINT WARNING * * *
The ball python constricts you.
* * * LOW HITPOINT WARNING * * *
You escape the ball python's grasp.
Things that are here:
a bat corpse; a hobgoblin corpse You hit the ball python.
You kill the ball python!
You swing at nothing.
Really quaff the potion of lignification?
Your transformation has ended.
You turn into a tree.
Your +0 animal skin melds into your body.
Your roots penetrate the ground.
The goblin hits you but does no damage.
You closely miss the goblin. You punch the goblin.
The goblin is severely wounded.
The goblin hits you but does no damage.
You smack the goblin!
You kill the goblin!
The dart slug launches a dart at you.
The slug dart hits you but does no damage.
You swing at nothing.
You smack the dart slug!
The dart slug is severely wounded.
You smack the dart slug!
You kill the dart slug!
You swing at nothing.
You swing at nothing.
You cannot move.
You start resting.
Your transformation is almost over.
You feel less wooden.
Your +0 animal skin unmelds from your body.
You turn into a hulking beast.
You start resting.
HP restored.
Unknown command.
Are you sure you want to abandon this character and quit the game? (Confirm with "yes".)

####......########....
#...>## ####....###
...### ...#.##..#
##...####
....###.#.....#.####
...###
#....#.............
..##
#....#...#..(...###
..# #..<.##....###..#
..# ##....#..## #..#
..# #..#.(#.. #..##
..# ##h##.#.#### ##..#
..# ##)####>...# #..##
.## ##†..# #....#
#.... .##
#.#..###....# ##.##
..# #†#...##....###
#..# ..#
#..#..##......####.#
..#
##.#...#....#.......
.##
#..##.......####....
).# ##.##........#
#....


There were no monsters in sight!

Vanquished Creatures
  3 dart slugs (D:1)
  2 giant cockroaches (D:1)
  2 goblins (D:1)
  2 hobgoblins (D:1)
  A kobold (D:1)
  2 quokkas (D:1)
  8 ball pythons (D:1)
  2 bats (D:1)
  A rat (D:1)
23 creatures vanquished.

Notes
Turn   | Place    | Note
-------+----------+-------------------------------------------
     0 | D:1      | holysushi the Merfolk Shapeshifter began the quest for the
                  | Orb.
     0 | D:1      | Reached XP level 1. HP: 16/16 MP: 1/1
   239 | D:1      | Reached XP level 2. HP: 17/22 MP: 2/2
   477 | D:1      | Reached XP level 3. HP: 7/27 MP: 3/3
   481 | D:1      | HP: 1/27 [constriction (1)]
   602 | D:1      | Quit the game

Illustrated notes

Levels and vault maps discovered:
D:1:      dpeg_arrival_arbitrary_a, layout_rooms

Skill      XL: |  1  2 |
---------------+-------+-----
Unarmed Combat | 3 |  3.9
Fighting       | |  2.1
Dodging        | |  2.6
Shapeshifting  | |  4.0

Action                     || total
---------------------------++-------
  Melee: Unarmed           ||    49
         Club              ||     5
         Punch             ||     1
    Use: Potion            ||     1
 Armour: Animal skin       ||    18
         Skin              ||     3
  Dodge: Dodged            ||    57

Table legend: (Time is in decaauts)
 A = Elapsed time spent in this place.
 B = Non-inter-level travel time spent in this place.
 C = Inter-level travel time spent in this place.
 D = Time resting spent in this place.
 E = Time spent auto-exploring this place.
 F = Levels seen in this place.
 G = Mean time per level.
                   A        B        C        D        E       F      G
               +--------+--------+--------+--------+--------+-----+--------+
         Total |    600 |    600 |      0 |    246 |    150 |   1 |  600.0 |
       Dungeon |    600 |    600 |      0 |    246 |    150 |   1 |  600.0 |
               +--------+--------+--------+--------+--------+-----+--------+

Top non-repeatable levels by time:
     D:1: 600 daAuts
